 Dungeon Crawl Stone Soup version 0.26-a0-451-gacbe401039 (webtiles) character file.

Game seed: 14189633672322189662

2511 Conn the Magician (level 9, -6/54 HPs)
             Began as an Octopode Hedge Wizard on July 28, 2020.
             Was a Follower of Sif Muna.
             Engulfed by a cloud of steam (11 damage)
             ... on level 7 of the Dungeon.
             The game lasted 00:30:28 (8874 turns).

Conn the Magician (Octopode Hedge Wizard)           Turns: 8874, Time: 00:30:29

Health: -6/54      AC:  3    Str: 16    XL:     9   Next: 53%
Magic:  17/19      EV: 14    Int: 19    God:    Sif Muna [*.....]
Gold:   462        SH:  0    Dex: 11    Spells: 11/22 levels left

rFire    . . .     SeeInvis .   a - staff of wizardry
rCold    . . .     Faith    .   (no shield)
rNeg     . . .     Spirit   .   d - +2 hat
rPois    +         Reflect  .   (no amulet)
rElec    .         Harm     .   j - ring of flight
rCorr    .                      m - ring of poison resistance
MR       .....                  v - +6 ring of strength
Stlth    +++.......             (no ring)
HPRegen  0.18/turn              (no ring)
MPRegen  0.16/turn              (no ring)
                                (no ring)
                                (no ring)

@: about to teleport, stab, flying (expiring)
A: almost no armour, stealthy swim, amphibious, 8 rings, constrict 8, camouflage
1, gelatinous body 1
a: Channel Magic, Renounce Religion, Stop Flying


You were on level 7 of the Dungeon.
You worshipped Sif Muna.
Sif Muna was aware of your devotion.
You visited 2 branches of the dungeon, and saw 8 of its levels.

You collected 462 gold pieces.

Inventory:

Hand Weapons
 b - a +2 mace of protection
 e - a +0 short sword
 n - a +0 vorpal hunting sling
 s - a +0 dagger
Missiles
 l - 11 boomerangs
 t - 33 poisoned darts
 u - 30 sling bullets
 x - 9 curare-tipped darts (quivered)
Armour
 d - a +2 hat (worn)
 A - a +0 buckler
Magical Staves
 a - an uncursed staff of wizardry (weapon)
 k - an uncursed staff of fire
Jewellery
 j - a ring of flight (left tentacle)
 m - a ring of poison resistance (right tentacle)
 v - a +6 ring of strength (on tentacle)
Wands
 o - a wand of flame (21)
 y - a wand of paralysis (13)
Scrolls
 c - 8 scrolls of identify
 f - a scroll of teleportation
 q - a scroll of magic mapping
 w - a scroll of random uselessness {unknown}
 z - a scroll of remove curse
 C - 2 scrolls of amnesia {unknown}
Potions
 h - a potion of flight


   Skills:
 + Level 1.6 Fighting
 + Level 0.8 Short Blades
 + Level 3.2(3.3) Maces & Flails
 + Level 0.3(2.0) Staves
 + Level 0.1 Throwing
 + Level 3.1 Dodging
 + Level 3.1 Stealth
 * Level 7.0 Spellcasting
 * Level 5.9 Conjurations
 + Level 1.6 Summonings
 * Level 4.9 Translocations
 * Level 3.2 Fire Magic
 + Level 1.0 Air Magic
 - Level 3.0 Poison Magic


You had 11 spell levels left.
You knew the following spells:

 Your Spells              Type           Power        Failure   Level
a - Magic Dart            Conj           ####         1%          1
b - Blink                 Tloc           N/A          1%          2
c - Call Imp              Summ           ##......     3%          2
d - Conjure Flame         Conj/Fire      ###.....     1%          3
e - Mephitic Cloud        Conj/Pois/Air  ###.....     3%          3

Your spell library contained the following spells:

 Spells                   Type           Power        Failure   Level
 Slow                     Hex            #.......     6%          2


Dungeon Overview and Level Annotations

Branches:
Dungeon (7/15)             Temple (1/1) D:5

Altars:
Ashenzari
Cheibriados
Dithmenos
Elyvilon
Fedhas
Gozag
Hepliaklqana
Kikubaaqudgha
Makhleb
Nemelex Xobeh
Okawaru
Qazlal
Sif Muna
Trog
Uskayaw
Wu Jian
Xom
Yredelemnul
Zin
The Shining One


Innate Abilities, Weirdness & Mutations

You cannot wear most types of armour.
You are very stealthy in the water. (Stealth+)
You are amphibious.
You can wear up to eight rings at the same time.
You can use your tentacles to constrict eight enemies at once.
Your skin changes colour to match your surroundings (Stealth+).
Your rubbery body absorbs attacks. (AC +1, EV +1)


Message History

You are engulfed in a cloud of scalding steam.
* * * LOW HITPOINT WARNING * * *
You are engulfed in a cloud of scalding steam.
* * * LOW HITPOINT WARNING * * *
Are you sure you want to fly over lava while you are losing your buoyancy?
Okay, then.
You feel better.
You are engulfed in a cloud of scalding steam.
* * * LOW HITPOINT WARNING * * *
As you read the scroll of teleportation, it crumbles to dust.
You feel strangely unstable.
You are engulfed in a cloud of scalding steam.
* * * LOW HITPOINT WARNING * * *
Unknown command.
Okay, then.
Casting: Blink (safe; 1% risk of failure)
Confirm with . or Enter, or press ? or * to list all spells.
You blink.
You are engulfed in a cloud of scalding steam.
You die...

..##### #.#
..#)..####.##
.[.))..##...#### #######
#.......)........ .....#
#.....).##....... ....#
........##.###### #...#
#......###.#### #...#
#......>#####§######...#
#.......# ##§§#@§##≈..#
#)......# #≈§§§##≈#≈≈.#
##.<...## #≈§§###§≈≈≈.#
###...## ###§#####≈≈.# #
##.## #§§# #≈..# # #.#
#≈≈# #...# # #.# ####
#...# #.# #...# #.#
##..#


There were no monsters in sight!

Vanquished Creatures
  Prince Ribbit (D:4)
  Grinder (D:3)
  A hippogriff (D:7)
  A sky beast (D:4)
  2 black bears (D:6)
  An ice beast (D:5)
  2 orc warriors
  An ogre (D:5)
  3 phantoms
  2 centaurs
  A big kobold (D:7)
  A bullfrog (D:6)
  2 scorpions
  A jelly (D:7)
  3 orc priests
  A hound (D:6)
  A gnoll shaman (D:5)
  3 orc wizards
  Jessica (D:3)
  An iguana (D:4)
  Natasha (twice) (D:2)
  A worker ant (D:4)
  A hound skeleton (D:5)
  3 worker ant zombies
  5 gnolls
  9 adders
  2 white imps (D:5)
  2 oozes
  A dart slug (D:3)
  6 leopard geckos
  33 orcs
  7 giant cockroaches
  10 goblins
  3 hobgoblins
  5 jackals
  12 kobolds
  5 quokkas
  5 ball pythons
  4 bats
  5 frilled lizards
  A leopard gecko skeleton (D:7)
  7 rats
159 creatures vanquished.

Vanquished Creatures (collateral kills)
  An ogre (D:4)
  2 adders
  A quokka (D:4)
4 creatures vanquished.

Grand Total: 163 creatures vanquished

Notes
Turn   | Place    | Note
-------+----------+-------------------------------------------
     0 | D:1      | Conn the Octopode Hedge Wizard began the quest for the Orb.
     0 | D:1      | Reached XP level 1. HP: 11/11 MP: 4/4
   151 | D:1      | Reached XP level 2. HP: 17/17 MP: 3/6
   570 | D:1      | Reached XP level 3. HP: 21/21 MP: 4/8
   574 | D:1      | Learned a level 2 spell: Blink
   577 | D:1      | Learned a level 2 spell: Call Imp
   581 | D:1      | Learned a level 3 spell: Conjure Flame
  1105 | D:2      | Noticed Natasha
  1113 | D:2      | Killed Natasha
  1113 | D:2      | Reached skill level 4 in Spellcasting
  1113 | D:2      | Reached XP level 4. HP: 9/27 MP: 7/10
  1550 | D:2      | Noticed Natasha
  1558 | D:2      | Learned a level 3 spell: Mephitic Cloud
  1798 | D:2      | Found a faded altar of an unknown god.
  1927 | D:2      | Found a bloodstained altar of Trog.
  1977 | D:2      | Killed Natasha
  2690 | D:3      | Noticed Jessica
  2694 | D:3      | Killed Jessica
  2694 | D:3      | Reached XP level 5. HP: 31/31 MP: 11/11
  2986 | D:3      | Found an opulent altar of Gozag.
  3242 | D:3      | Noticed Grinder
  3266 | D:3      | Killed Grinder
  3266 | D:3      | Reached skill level 1 in Maces & Flails
  3266 | D:3      | Reached skill level 1 in Fire Magic
  3266 | D:3      | Reached skill level 1 in Poison Magic
  3266 | D:3      | Reached XP level 6. HP: 18/37 MP: 12/12
  3797 | D:4      | Noticed a sky beast
  3805 | D:4      | Killed a sky beast
  3805 | D:4      | Reached XP level 7. HP: 42/42 MP: 8/14
  3824 | D:4      | Reached skill level 5 in Spellcasting
  4105 | D:4      | Reached skill level 1 in Fighting
  4601 | D:5      | Entered Level 5 of the Dungeon
  4735 | D:5      | Noticed Prince Ribbit
  4757 | D:4      | Killed Prince Ribbit
  4757 | D:4      | Reached XP level 8. HP: 16/48 MP: 0/16
  5535 | D:5      | Found a staircase to the Ecumenical Temple.
  5548 | Temple   | Entered the Ecumenical Temple
  6347 | D:5      | Found a shimmering blue altar of Sif Muna.
  6355 | D:5      | Became a worshipper of Sif Muna the Loreminder
  6370 | D:5      | Reached skill level 6 in Spellcasting
  6970 | D:6      | Reached skill level 5 in Conjurations
  7124 | D:6      | Found a burning altar of Makhleb.
  7140 | D:6      | Reached XP level 9. HP: 43/53 MP: 0/18
  7342 | D:6      | Reached * piety under Sif Muna
  8486 | D:7      | Found a shadowy altar of Dithmenos.
  8531 | D:7      | Reached skill level 7 in Spellcasting
  8531 | D:7      | Reached skill level 1 in Air Magic
  8874 | D:7      | Engulfed by a cloud of steam

Illustrated notes

Levels and vault maps discovered:
D:1:      psy_arrival_spokes, layout_basic
D:2:      layout_loops_corners, bloody_trog, chequers_ecumenical_altar_simple,
          minmay_misc_feat_doors, roderic_malta_cross,
          ebering_dispersal_statue_hall, nrook_campfire,
          kennysheep_generic_room_15, uniq_natasha
D:3:      layout_basic, grunt_gozag_statues, uniq_jessica, uniq_grinder
D:4:      layout_cave_pods
D:5:      layout_rooms, kennysheep_mini, temple_green, minmay_statues_item,
          supply_closet_lemuel, uniq_prince_ribbit1
D:6:      layout_gridville, basic_altar, st_stairs_8
D:7:      layout_rooms, lemuel_coloured_pillars_altar, lemuel_another_geyser
Temple:   minmay_temple_bridge_d

Skill      XL: |  1  2  3  4  5  6  7  8  9 |
---------------+----------------------------+-----
Spellcasting   | 4 5 6 7 |  7.0
Conjurations   | 2 3 5 |  5.9
Maces & Flails | 1 2 3 |  3.2
Translocations | 2 3 4 |  4.9
Fire Magic     | 1 2 3 |  3.2
Poison Magic   | 1 2 3 |  3.0
Fighting       | 1 |  1.6
Stealth        | 3 |  3.1
Dodging        | 3 |  3.1
Air Magic      | 1 |  1.0
Short Blades   | |  0.8
Staves         | |  0.3
Throwing       | |  0.1
Summonings     | |  1.6

Action                   |  1- 3 |  4- 6 |  7- 9 || total
-------------------------+-------+-------+-------++-------
Melee: Dagger            |    17 |       |       ||    17
       Constrict         |     5 |    12 |    33 ||    50
       Tentacles         |     5 |     8 |    32 ||    45
       Short sword       |     8 |     1 |       ||     9
       Mace              |       |    31 |   102 ||   133
       Staff             |       |     4 |    44 ||    48
Throw: Dart              |       |     1 |     5 ||     6
 Cast: Magic Dart        |    37 |    48 |   221 ||   306
       Call Imp          |     1 |     4 |    11 ||    16
       Mephitic Cloud    |       |     1 |    25 ||    26
       Conjure Flame     |       |     1 |     1 ||     2
       Blink             |       |       |     8 ||     8
 Abil: Evoke Flight      |       |       |     2 ||     2
  Use: Potion            |     1 |       |    10 ||    11
       Scroll            |       |     3 |     9 ||    12
 Stab: Sleeping          |     2 |     3 |     2 ||     7
       Confused          |       |       |     2 ||     2
Armor: Skin              |     3 |     6 |    54 ||    63
Dodge: Dodged            |    17 |    20 |   144 ||   181

Table legend: (Time is in decaauts)
 A = Elapsed time spent in this place.
 B = Non-inter-level travel time spent in this place.
 C = Inter-level travel time spent in this place.
 D = Time resting spent in this place.
 E = Time spent auto-exploring this place.
 F = Levels seen in this place.
 G = Mean time per level.
                   A        B        C        D        E       F      G
               +--------+--------+--------+--------+--------+-----+--------+
         Total |   8927 |   8754 |    173 |   2274 |   4351 |   8 | 1115.9 |
       Dungeon |   8564 |   8461 |    103 |   2274 |   4114 |   7 | 1223.4 |
        Temple |    362 |    292 |     70 |      0 |    237 |   1 |  362.0 |
               +--------+--------+--------+--------+--------+-----+--------+

Top non-repeatable levels by time:
     D:6: 1704 daAuts
     D:4: 1617 daAuts
     D:2: 1377 daAuts
     D:1: 1088 daAuts
     D:3: 1029 daAuts
     D:5: 1009 daAuts
     D:7: 737 daAuts
  Temple: 362 daAuts
